 Dungeon Crawl Stone Soup version 0.18-a0-921-g28655ce (webtiles) character file.

5658 filipzpl the Fighter (level 10, 0/72 HPs)
             Began as a Gargoyle Berserker on Dec 27, 2015.
             Was an Elder of Trog.
             Slain by a wight
             ... wielding a cursed +0 halberd
              (2 damage)
             ... on level 10 of the Dungeon.
             The game lasted 00:23:08 (8675 turns).

filipzpl the Fighter (Gargoyle Berserker)           Turns: 8675, Time: 00:23:09

Health: 0/72       AC: 24    Str: 23    XL:     10   Next: 75%
Magic:  0/10       EV:  6    Int:  9    God:    Trog [****..]
Gold:   452        SH:  0    Dex:  9    Spells: 0 memorised, 9 levels left

rFire  . . .     SeeInvis .     O - +1 morningstar (freeze)
rCold  . . .     Gourm    .     j - +1 plate armour
rNeg   + . .     Faith    .     (no shield)
rPois  ∞         Spirit   +     B - +0 helmet
rElec  +         Dismiss  .     (no cloak)
rCorr  .         Reflect  .     e - +0 pair of gloves
SustAt .         Harm     .     k - +2 pair of boots
MR     .....                    x - amulet of guardian spirit
Stlth  ..........               (no ring)
                                p - ring of stealth

@: exhausted, slowed, very slow, not resistant to hostile enchantments,
extremely unstealthy
A: negative energy resistance 1, electricity resistance, unbreathing,
petrification resistance, rot immunity, AC +7
a: Berserk, Trog's Hand, Brothers in Arms, Burn Spellbooks, Renounce Religion


You were on level 10 of the Dungeon.
You worshipped Trog.
Trog was greatly pleased with you.
You were not hungry.

You visited 1 branch of the dungeon, and saw 10 of its levels.
You also visited: Ossuary.

You collected 452 gold pieces.

Inventory:

Hand Weapons
 O - a +1 morningstar of freezing (weapon)
Armour
 e - a +0 pair of gloves (worn)
 j - a +1 plate armour (worn)
 k - a +2 pair of boots (worn)
 B - a +0 helmet (worn)
Jewellery
 p - a ring of stealth (left hand)
 x - an amulet of guardian spirit (around neck)
Wands
 t - a wand of flame (20/48)
 J - a wand of polymorph (12/24)
Scrolls
 f - a scroll of amnesia
 i - a scroll of teleportation
 l - 5 scrolls of remove curse
 q - 2 scrolls of recharging
 s - a scroll of magic mapping
 y - 2 scrolls of fear
 C - 2 scrolls of enchant armour
 F - a scroll of blinking
 I - a scroll of random uselessness
Potions
 a - 2 potions of might {unknown}
 b - 3 potions of resistance {unknown}
 g - 2 potions of invisibility
 h - 4 potions of heal wounds
 m - 8 potions of curing
 n - 2 potions of mutation
 o - 4 potions of poison {unknown}
 r - a potion of cure mutation {unknown}
 u - 6 potions of brilliance {unknown}
 v - 4 potions of berserk rage {unknown}
 w - a potion of haste {unknown}
 z - a potion of cancellation {unknown}
 A - 2 potions of flight {unknown}
 G - a potion of agility {unknown}
 H - a potion of lignification {unknown}
Comestibles
 c - 10 bread rations
 d - 5 meat rations
 D - 3 fruits


   Skills:
 * Level 12.4 Fighting
 * Level 11.3 Maces & Flails
 - Level 2.1 Armour
 - Level 1.5 Dodging


You had 9 spell levels left.
You didn't know any spells.

Dungeon Overview and Level Annotations

Branches:
Dungeon (10/15)            Temple (0/1) D:7
   Lair: D:8-11         Orc: D:9-12

Altars:
Ashenzari
Cheibriados
Elyvilon
Fedhas
Gozag
Makhleb
Okawaru
Qazlal
Ru
Sif Muna
Trog
Vehumet
Xom
Zin
The Shining One

Shops:
D:4 :

Annotations:
D:7 exclusion: statue


Innate Abilities, Weirdness & Mutations

You are resistant to torment.
Your stone body is resilient (AC +7).
You are immune to poison.
You resist negative energy.
You are resistant to electric shocks.
You can survive without breathing.
You are immune to petrification.
You are immune to rotting.


Message History

The wight is almost destroyed.
The wight hits you but does no damage.
The necrophage hits you but does no damage.
The wight hits you but does no damage. x2
The skeletal warrior hits you with a hand axe!
The necrophage completely misses you. The wight hits you but does no damage.
You hit the wight but do no damage.
The wight is almost destroyed.
The wight hits you from afar with a halberd.
The skeletal warrior hits you with a hand axe.
* * * LOW HITPOINT WARNING * * *
The wight hits you but does no damage. The necrophage barely misses you.
The wight hits you with a morningstar of draining.
* * * LOW HITPOINT WARNING * * *
The skeletal warrior hits you with a hand axe!
* * * LOW HITPOINT WARNING * * *
You hit the wight.
You destroy the wight!
The wight hits you from afar with a halberd.
You die...

.#####.#.#.###.#
................#
##########..##..#
#............#
#(......[....# ##
#..####......####
#n##n.#
###........
#)#zz#.#
#<.#.#### #@nzZ#
#.##.# # ##zZ##
#..>.. #


nZzZZZ #..#.## # ##.Z#### #..... # .Z.. #. #.# # #..#. #. #( # #$.##. # #..# ##
#..# #..# You could see a skeletal warrior, 3 necrophages, 4 wights, a hound
zombie, a giant frog zombie, a wyvern skeleton, 3 centaur skeletons and 2
centaur skeletons.

Vanquished Creatures
  A centaur zombie (D:10)
  A troll (D:9)
  2 flying skulls (D:10)
  A wyvern (D:9)
  Grum (D:8)
  4 wolves (D:8)
  A hippogriff (D:7)
  2 sky beasts
  2 orc warriors (D:9)
  2 ice beasts
  4 centaurs
  2 phantoms (D:6)
  7 ogres
  3 big kobolds
  3 giant frogs
  3 killer bees (D:7)
  2 water moccasin zombies (Ossuary)
  9 wights
  3 hounds
  2 crimson imps
  4 jellies
  2 orc priests
  3 quasits
  2 iguanas
  Ijyb (D:3)
  8 orc wizards
  4 worker ants
  5 big kobold zombies (Ossuary)
  A hound zombie (D:5)
  4 mummies
  A worker ant zombie (D:7)
  9 adders
  2 shadow imps
  2 oozes
  6 adder zombies (Ossuary)
  A worm (D:2)
  3 adder skeletons
  3 giant geckos
  23 orcs
  6 giant cockroaches
  A gnoll zombie (Ossuary)
  10 goblins
  5 hobgoblins
  14 jackals
  2 ball pythons
  6 bats
  3 giant newts
  A goblin zombie (D:4)
  3 hobgoblin zombies (Ossuary)
  11 kobolds
  4 kobold zombies (Ossuary)
  6 orc zombies
  5 quokkas
  4 rats
220 creatures vanquished.

Notes
Turn   | Place    | Note
--------------------------------------------------------------
     0 | D:1      | filipzpl the Gargoyle Berserker began the quest for the Orb.
     0 | D:1      | Reached XP level 1. HP: 14/14 MP: 1/1
    84 | D:1      | Reached XP level 2. HP: 12/19 MP: 2/2
   408 | D:1      | Reached skill level 4 in Fighting
   411 | D:1      | Reached XP level 3. HP: 22/24 MP: 3/3
   518 | D:2      | Reached ** piety under Trog
   579 | D:2      | Found a burning altar of Makhleb.
  1038 | D:2      | Reached XP level 4. HP: 30/30 MP: 4/4
  1433 | D:3      | Noticed Ijyb
  1451 | D:3      | Killed Ijyb
  1556 | D:3      | Reached XP level 5. HP: 32/34 MP: 5/5
  1619 | D:3      | Reached skill level 5 in Fighting
  1742 | D:3      | Reached *** piety under Trog
  1988 | D:3      | Reached skill level 5 in Maces & Flails
  2041 | D:3      | Reached XP level 6. HP: 39/41 MP: 6/6
  2153 | D:4      | Reached skill level 6 in Fighting
  2295 | D:4      | Found a sand-covered staircase.
  2307 | Ossuary  | Entered an ossuary
  2437 | Ossuary  | Reached XP level 7. HP: 47/47 MP: 7/7
  2577 | Ossuary  | Reached skill level 7 in Fighting
  2886 | D:4      | Found a bloodstained altar of Trog.
  3170 | D:4      | Found an opulent altar of Gozag.
  3244 | D:4      | Found Gemp's Book Emporium.
  3309 | D:4      | Reached XP level 8. HP: 46/53 MP: 8/8
  3710 | D:5      | Entered Level 5 of the Dungeon
  3740 | D:4      | Reached skill level 8 in Fighting
  4482 | D:5      | Found an iron altar of Okawaru.
  4685 | D:6      | Found a white marble altar of Elyvilon.
  4822 | D:6      | Reached **** piety under Trog
  4843 | D:6      | Reached skill level 9 in Fighting
  4902 | D:6      | Reached XP level 9. HP: 57/60 MP: 3/9
  5009 | D:6      | Found a stormy altar of Qazlal.
  5009 | D:6      | Found a blossoming altar of Fedhas.
  5454 | D:7      | Noticed an angel
  5476 | D:7      | Reached skill level 10 in Fighting
  5549 | D:7      | Found a staircase to the Ecumenical Temple.
  5761 | D:7      | Found a radiant altar of Vehumet.
  5799 | D:7      | Noticed a rust devil
  6567 | D:8      | Noticed Grum
  6579 | D:8      | Killed Grum
  6579 | D:8      | Reached skill level 10 in Maces & Flails
  6587 | D:8      | Reached skill level 11 in Fighting
  6587 | D:8      | Reached XP level 10. HP: 69/69 MP: 3/10
  6862 | D:8      | Found a sacrificial altar of Ru.
  7013 | D:8      | Found a glowing golden altar of the Shining One.
  7753 | D:9      | Found a shimmering altar of Xom.
  7758 | D:9      | Noticed an angel
  7761 | D:9      | Found a glowing silver altar of Zin.
  7802 | D:9      | Found a shattered altar of Ashenzari.
  8188 | D:9      | Found a snail-covered altar of Cheibriados.
  8208 | D:9      | Reached skill level 12 in Fighting
  8494 | D:9      | Found a deep blue altar of Sif Muna.
  8519 | D:10     | Entered Level 10 of the Dungeon
  8649 | D:10     | Noticed a skeletal warrior
  8674 | D:10     | HP: 2/72 [skeletal warrior/hand axe (14)]
  8675 | D:10     | Slain by a wight

Vault maps used:
D:1:      minmay_arrival_glassed_features
D:2:      bloody_makhleb
D:3:      first_bread, uniq_iyjb
D:4:      grunt_gozag_statues, lightli_temple_of_fire,
          nicolae_ossuary_entry_giza, serial_shops, nicolae_shop_statue_plus
D:5:      okawaru_trees_1
D:6:      grunt_temple_overflow_forces_of_nature, lemuel_doored_altar
D:7:      vehumet_statue, temple_garden, feat_on_display
D:8:      nicolae_overflow_hidden_temple, uniq_grum
D:9:      grunt_temple_overflow_order_and_chaos_1, slow_altar_1,
          lemuel_blue_sif_altar, ashenzari_conservatory_becter, serial_glass,
          glass_columns_a, glass_columns_b
D:10:     hangedman_screamer, grunt_lair_entry_orc_guard_hut,
          minmay_orc_entry_guard_dogs, enter_trove_3
Ossuary:  ossuary_tomb_2

Action                   |  1- 3 |  4- 6 |  7- 9 | 10-12 || total
-------------------------+-------+-------+-------+-------++-------
Melee: Mace              |    85 |       |       |       ||    85
       Flail             |    19 |   235 |   496 |   113 ||   863
       Morningstar       |       |       |       |    83 ||    83
Invok: Berserk           |       |     1 |     4 |     2 ||     7
       Burn Spellbooks   |       |       |     1 |       ||     1
  Use: Scroll            |     3 |       |    12 |     7 ||    22
  Eat: Chunk             |       |     4 |     8 |     4 ||    16
       Beef jerky        |       |     1 |     1 |       ||     2
       Pizza             |       |       |     2 |       ||     2
       Meat ration       |       |       |     1 |       ||     1
       Fruit             |       |       |     1 |     2 ||     3
       Bread ration      |       |       |       |     1 ||     1
